 Dungeon Sprint DCSS version 0.28-a0-1395-g4f6bc678fa (webtiles) character file.

Game seed: 12714411771656031029

140263 HallandMoats the Imperceptible (level 17, -2/125 (158) HPs)
             Began as a Gnoll Monk on Jan 4, 2022.
             Was an Elder of Qazlal.
             Splashed by a caustic shrike (glowing shapeshifter)'s acid (3 damage)
             ... while paralysed by a floating eye
             ... in the Dungeon (Sprint V: "Ziggurat Sprint").
             The game lasted 00:21:14 (3494 turns).

HallandMoats the Imperceptible (Gnoll Monk)         Turns: 3494, Time: 00:21:14

HP:   -2/125 (158)  AC: 33    Str: 32      XL:     17   Next: 30%
MP:   41/41         EV:  2    Int: 13 (16) God:    Qazlal [****..]
Gold: 7             SH:  0    Dex: 19      Spells: 42/56 levels left

rFire   + + .      SeeInvis .   a - +7 sceptre of Asmodeus
rCold   + . .      Faith    .   u - +18 shield of the Gong {rElec rN+ Will+ EV-5}
rNeg    + + +      Spirit   .   i - +5 gold dragon scales
rPois   +          Reflect  .   m - +2 hat {Will+}
rElec   +          Harm     .   A - +0 cloak {Will+}
rCorr   +          Rampage  .   (no gloves)
Will    ++++.      NoTele   +   y - +0 pair of boots "Amoi" {-Tele rElec Str+9}
Stlth   +.........              z - amulet of Serendipity {Acrobat rC+ rCorr}
HPRegen 0.30/turn               B - ring of Ashenzari's Delight {rPois Str+5 Int+6}
MPRegen 0.27/turn               x - ring "Delad" {Fire rN++ Str+4}

@: paralysed, studying 4 skills, heavily drained, repel missiles
A: fangs 1, strong nose, distributed training
a: Renounce Religion, Evoke the Sceptre of Asmodeus, Upheaval, Elemental Force


You were in the Dungeon.
You worshipped Qazlal.
Qazlal was greatly pleased with you.
You visited 1 branch You collected 7 gold pieces.

Inventory:

Hand Weapons
 a - the +7 sceptre of Asmodeus (weapon)
   (You took it off Asmodeus in the Dungeon)

   It can be evoked to summon fiery demons, with success rate depending on
   Evocations skill.
   Those summoned this way will remain friendly only for a limited time.
 t - the +14 obsidian axe {vorpal, Mesm Drain Fly SInv}
   (You found it in the Dungeon)

   It inflicts extra damage upon your enemies.
   It occasionally summons demons to assist the wielder when it strikes in
   combat.
   Its wielder is mesmerised by any visible foes.
   It cannot be unequipped while any foes are visible.
   SInv:      It lets you see invisible.
   Fly:       It grants you flight.
   Drain:     It drains your maximum health when unequipped.
Missiles
 b - 3 throwing nets (quivered)
Armour
 i - +5 gold dragon scales (worn)
 m - a +2 hat of willpower (worn)
 u - the +18 shield of the Gong (worn) {rElec rN+ Will+ EV-5}
   (You found it in the Dungeon)

   It is deafeningly noisy when blocking attacks.
   EV:        It affects your evasion (-5).
   rElec:     It insulates you from electricity.
   rN:        It protects you from negative energy.
   Will:      It increases your willpower.
 y - the +0 pair of boots "Amoi" (worn) {-Tele rElec Str+9}
   (You found it in the Dungeon)

   Str:       It affects your strength (+9).
   rElec:     It insulates you from electricity.
   -Tele:     It prevents most forms of teleportation.
 A - a +0 cloak of willpower (worn)
Jewellery
 w - the ring of the Scavenger {*Slow rElec rPois Dex+4}
   (You found it in the Dungeon)

   [ring of poison resistance]

   Dex:       It affects your dexterity (+4).
   rElec:     It insulates you from electricity.
   rPois:     It protects you from poison.
   *Slow:     It may slow you when you take damage.
 x - the ring "Delad" (right hand) {Fire rN++ Str+4}
   (You found it in the Dungeon)

   [ring of fire]

   It enhances your fire magic.
   Str:       It affects your strength (+4).
   rF:        It protects you from fire.
   rC:        It makes you vulnerable to cold.
   rN:        It greatly protects you from negative energy.
 z - the amulet of Serendipity (around neck) {Acrobat rC+ rCorr}
   (You found it in the Dungeon)

   [amulet of the acrobat]

   It increases your evasion while moving and waiting.
   rC:        It protects you from cold.
   rCorr:     It protects you from acid and corrosion.
 B - the ring of Ashenzari's Delight (left hand) {rPois Str+5 Int+6}
   (You found it in the Dungeon)

   [ring of intelligence]

   Str:       It affects your strength (+5).
   Int:       It affects your intelligence (+6).
   rPois:     It protects you from poison.
Scrolls
 h - 4 scrolls of blinking
 o - 4 scrolls of amnesia
 p - 7 scrolls of fog
 q - 2 scrolls of holy word
 r - 5 scrolls of identify
 s - 2 scrolls of fear
 v - 5 scrolls of brand weapon
Potions
 c - 8 potions of curing
 d - 8 potions of heal wounds
 e - 13 potions of haste
 f - 2 potions of magic
 g - 2 potions of berserk rage
 j - 2 potions of brilliance
 k - a potion of invisibility
 l - 4 potions of resistance
 n - 3 potions of might
 F - a potion of attraction {unknown}


   Skills:
 + Level 21.0 Fighting
 + Level 20.1 Short Blades
 + Level 20.1 Long Blades
 + Level 21.0 Axes
 + Level 22.3 Maces & Flails
 + Level 22.3 Polearms
 + Level 20.1 Staves
 + Level 20.1 Slings
 + Level 20.1 Bows
 + Level 20.1 Crossbows
 + Level 20.1 Throwing
 + Level 20.1 Armour
 + Level 21.0 Dodging
 + Level 25.8 Stealth
 + Level 24.5 Shields
 + Level 20.1 Unarmed Combat
 + Level 20.1 Spellcasting
 + Level 17.2 Conjurations
 + Level 17.2 Hexes
 + Level 17.2 Summonings
 + Level 17.2 Necromancy
 + Level 17.2 Translocations
 + Level 17.2 Transmutations
 + Level 17.2 Fire Magic
 + Level 17.2 Ice Magic
 + Level 17.2 Air Magic
 + Level 17.2 Earth Magic
 + Level 21.6 Poison Magic
 + Level 21.7 Invocations
 + Level 20.1 Evocations


You had 42 spell levels left.
You knew the following spells:

 Your Spells              Type           Power      Damage    Failure   Level
a - Polar Vortex          Ice            27%        N/A       100%        9
b - Freezing Cloud        Conj/Ice/Air   27%        6-21      1%          5

Your spell library contained the following spells:

 Spells                   Type           Power      Damage    Failure   Level
 Beastly Appendage        Tmut           100%       N/A       1%          1
 Foxfire                  Conj/Fire      100%       2x1d9     1%          1
 Freeze                   Ice            100%       1d11      1%          1
 Pain                     Necr           100%       1d9       1%          1
 Summon Small Mammal      Summ           100%       N/A       1%          1
 Blink                    Tloc           100%       N/A       1%          2
 Ensorcelled Hibernation  Hex/Ice        100%       N/A       1%          2
 Scorch                   Fire           100%       2d10      1%          2
 Static Discharge         Conj/Air       55%        N/A       1%          2
 Sublimation of Blood     Necr           55%        N/A       1%          2
 Confusing Touch          Hex            55%        N/A       1%          3
 Dazzling Flash           Conj/Hex       100%       N/A       1%          3
 Frozen Ramparts          Ice            100%       1d12      1%          3
 Gell's Gravitas          Tloc           55%        N/A       1%          3
 Lesser Beckoning         Tloc           55%        N/A       1%          3
 Portal Projectile        Hex/Tloc       100%       N/A       1%          3
 Spider Form              Tmut/Pois      59%        N/A       1%          3
 Summon Guardian Golem    Hex/Summ       55%        N/A       1%          3
 Teleport Other           Tloc           55%        N/A       1%          3
 Tukima's Dance           Hex            55%        N/A       1%          3
 Animate Armour           Summ/Erth      100%       N/A       1%          4
 Animate Dead             Necr           27%        N/A       1%          4
 Cause Fear               Hex            27%        N/A       1%          4
 Dispel Undead            Necr           55%        3d20      1%          4
 Hailstorm                Conj/Ice       55%        3d12      1%          4
 Ice Form                 Ice/Tmut       55%        N/A       1%          4
 Leda's Liquefaction      Hex/Erth       27%        N/A       1%          4
 Olgreb's Toxic Radiance  Pois           62%        N/A       1%          4
 Passage of Golubria      Tloc           55%        N/A       1%          4
 Petrify                  Tmut/Erth      55%        N/A       1%          4
 Sticky Flame             Conj/Fire      72%        2d9       1%          4
 Summon Ice Beast         Ice/Summ       55%        N/A       1%          4
 Blade Hands              Tmut           27%        N/A       1%          5
 Fireball                 Conj/Fire      36%        3d15      1%          5
 Irradiate                Conj/Tmut      27%        3d22      1%          5
 Iskenderun's Battlesphe  Conj           55%        2d11      1%          5
 Lightning Bolt           Conj/Air       27%        1d44      1%          5
 Manifold Assault         Tloc           55%        N/A       1%          5
 Metabolic Englaciation   Hex/Ice        27%        N/A       1%          5
 Summon Forest            Summ/Tloc      27%        N/A       1%          5
 Summon Mana Viper        Hex/Summ       55%        N/A       1%          5
 Yara's Violent Unravell  Hex/Tmut       27%        3d12      1%          5
 Eringya's Noxious Bog    Tmut/Pois      29%        N/A       1%          6
 Conjure Ball Lightning   Conj/Air       27%        3x3d8     4%          6
 Iron Shot                Conj/Erth      27%        9d6       4%          6
 Simulacrum               Ice/Necr       27%        N/A       4%          6
 Dragon Form              Tmut           27%        N/A       24%         7
 Enfeeble                 Hex            27%        N/A       24%         7
 Monstrous Menagerie      Summ           27%        N/A       24%         7
 Orb of Destruction       Conj           27%        9d11      24%         7
 Ozocubu's Refrigeration  Ice            27%        4d10      24%         7
 Spellforged Servitor     Conj/Summ      27%        N/A       24%         7
 Storm Form               Tmut/Air       27%        N/A       24%         7
 Borgnjor's Revivificati  Necr           27%        N/A       88%         8
 Ignition                 Fire           36%        3d11      88%         8
 Infestation              Necr           27%        N/A       88%         8
 Maxwell's Capacitive Co  Air            27%        ∞         88%         8
 Necromutation            Tmut/Necr      27%        N/A       88%         8
 Death's Door             Necr           27%        N/A       100%        9
 Dragon's Call            Summ           27%        N/A       100%        9
 Shatter                  Erth           27%        3d23*     100%        9


Dungeon Overview and Level Annotations

Branches:
Dungeon (1/1)

Altars:
Ashenzari
Cheibriados
Dithmenos
Elyvilon
Fedhas
Gozag
Hepliaklqana
Kikubaaqudgha
Makhleb
Nemelex Xobeh
Okawaru
Qazlal
Ru
Sif Muna
Trog
Uskayaw
Vehumet
Wu Jian
Xom
Yredelemnul
Zin
The Shining One
Beogh
Jiyva
Lugonu


Innate Abilities, Weirdness & Mutations

You have very sharp teeth.
Your uncanny sense of smell can sniff out nearby items.
Your experience applies equally to all skills.


Message History

The blink frog blinks!
Your balrug completely misses the polar bear.
The worm bites your balrug but does no damage.
The acid blob hits you!!
You are splashed with acid.
You resist.
Your balrug gestures at the titan.
The fireball explodes!
The fireball engulfs the juggernaut!
The fireball engulfs your balrug.
Your balrug completely resists.
The fireball engulfs the acid blob!!
The fireball engulfs your balrug.
Your balrug completely resists.
The fireball engulfs you. You resist.
The rockslime is engulfed in freezing vapours.
The rockslime hits you but does no damage.
The merfolk changes into a sea snake!
The sea snake changes into a snapping turtle!
The glowing orange brain changes into an eye of devastation!
The elephant changes into a yaktaur!
The titan changes into a juggernaut!
The guardian serpent changes into a tarantella!
The merfolk changes into a cyclops!
The juggernaut changes into an iron dragon!
The caustic shrike claws you!
* * * LOW HITPOINT WARNING * * *
You are splashed with acid.
You resist.
* * * LOW HITPOINT WARNING * * *
The golden eye blinks at you. You resist with almost no effort.
The polar bear closely misses your balrug.
The polar bear claws your balrug but does no damage.
The polar bear barely misses your balrug.
Your balrug hits the polar bear with a +0 demon whip!!
The polar bear is engulfed in flames!!
The acid blob hits you!
* * * LOW HITPOINT WARNING * * *
You are splashed with acid.
You resist.
* * * LOW HITPOINT WARNING * * *
Your balrug hits the iron dragon but does no damage.
The floating eye's stare focuses on you.
The caustic shrike claws you!
* * * LOW HITPOINT WARNING * * *
You are splashed with acid.
You resist.
You die... ▓...... ..:==.:)|)|=[)} ▓...[.. ..}:)=[})[=:=") ▓..)}.) ..|[J}tpkHs||"[

▓....)[
.....YcsFc.N....
▓......
....SDybSCGG....
▓......
...FkC○DStt.....
▓..)...
....hwCJGCw.....
▓......
.....2J@b☼......
▓.....)
......D.........
▓......
......2Y........
▓...▓|.
................
▓..▓.▓.
....▓.......▓...
▓...▓..
................
▓......
................
▓......
................
▓▓▓▓▓▓▓
........©.......


You could see a juggernaut, 2 juggernaut shaped shifters, an alligator snapping
turtle shaped shifter, 2 shadow dragon shaped shifters, an iron dragon shaped
shifter, a caustic shrike shaped shifter, a shard shrike shaped shifter, an acid
blob shaped shifter, a death drake shaped shifter, a sea snake shaped shifter, a
salamander shaped shifter, a slime creature shaped shifter, a snapping turtle
shaped shifter, a rockslime shaped shifter, an eye of devastation shaped
shifter, a shock serpent (slow), a shock serpent shaped shifter, a fire crab
shaped shifter, a manticore shaped shifter, a cyclops shaped shifter, a polar
bear (ally target), a yaktaur, a yaktaur shaped shifter, a cane toad, a queen
bee shaped shifter, a swamp worm shaped shifter, a blink frog shaped shifter, a
rime drake (berserk), a human, a tarantella shaped shifter, a redback shaped
shifter, 2 dream sheep shaped shifters, a worm shaped shifter, a floating eye
shaped shifter (charged), a golden eye and 2 friendly balrugs.

Vanquished Creatures
  Asmodeus (D)
  the Royal Jelly (D)
  Ignacio (D)
  Khufu (D)
  Mennas (D)
  Sojobo (D)
  Boris (D)
  Frederick (D)
  Margery (D)
  Xtahua (D)
  Jory (D)
  A hellephant (D)
  A searing wretch (D)
  3 deep elf master archers (D)
  3 liches (D)
  6 ancient champions (D)
  3 acid blobs (D)
  A death cob (D)
  Gastronok (D)
  Ilsuiw (D)
  4 azure jellies (D)
  6 rockslimes (D)
  2 fire giants (D)
  Aizul (D)
  An iron dragon (D)
  5 balrugs (D)
  6 spriggan defenders (D)
  2 stone giants (D)
  6 war gargoyles (D)
  A green draconian (D)
  3 vampire knights (D)
  An iron golem (D)
  A merfolk javelineer (D)
  Josephine (D)
  3 yaktaur captains (D)
  Erolcha (D)
  10 vault guards (D)
  A jorogumo (D)
  A salamander tyrant (D)
  Erica (D)
  6 spriggan air magi (D)
  A boulder beetle (D)
  3 dancing weapons (D)
  2 vampire magi (D)
  4 hell hogs (D)
  7 spriggan berserkers (D)
  3 crystal echidnas (D)
  A sun demon (D)
  A skeletal warrior (D)
  A pharaoh ant (D)
  A deep elf knight (D)
  3 spriggan druids (D)
  A steelbarb worm (D)
  A deep elf zephyrmancer (D)
  3 necromancers (D)
  A wolf spider (D)
  2 draconians (D)
  Maurice (D)
  2 elephants (D)
  3 cyclopes (D)
  A black mamba (D)
  An eye of devastation (D)
  A torpor snail (D)
  7 cane toads (D)
  2 rime drakes (D)
  7 yaktaurs (D)
  6 komodo dragons (D)
  2 freezing wraiths (D)
  A polar bear (shapeshifter) (D)
  A polar bear (D)
  4 merfolk (D)
  3 hornets (D)
  Grinder (D)
  3 tarantellas (D)
  2 raiju (D)
  3 blink frogs (D)
  A slime creature (D)
  2 wyverns (D)
  An air elemental (D)
  A shadow (D)
  A yak (D)
  Sigmund (D)
  A vampire (D)
  A ynoxinul (D)
  4 small abominations (D)
  A fire elemental (D)
  A chaos spawn (D)
  Grum (D)
  A redback (D)
  A neqoxec (D)
  A naga (D)
  A large abomination (D)
  Edmund (D)
  6 water moccasins (D)
  2 centaurs (D)
  2 wolves (D)
  Blork the orc (D)
  A scorpion (D)
  Dowan (D)
  A wight (D)
  2 quasits (D)
  4 jellies (D)
  4 iron imps (D)
  An iguana (D)
  Terence (D)
  A hell rat (D)
  An adder (D)
  3 shadow imps (D)
  5 white imps (D)
  6 ufetubi (D)
  An adder zombie (D)
  A bat zombie (D)
  An endoplasm (D)
  2 ball pythons (D)
  A ball python simulacrum (D)
  2 ball python skeletons (D)
  A giant cockroach zombie (D)
252 creatures vanquished.

Vanquished Creatures (collateral kills)
  An ancient lich (D)
  A caustic shrike (D)
  An acid blob (D)
  A quicksilver elemental (D)
  5 azure jellies (D)
  2 stone giants (D)
  A spark wasp (D)
  A merfolk javelineer (D)
  2 vault guards (D)
  2 starcursed masses (D)
  2 necromancers (D)
  A cyclops (D)
  An eye of devastation (D)
  A demonic crawler (D)
  A tarantella (D)
  2 shadows (D)
  3 jumping spiders (D)
  A chaos spawn (D)
  A wight (D)
  An iron imp (D)
  A white imp (D)
32 creatures vanquished.

Vanquished Creatures (others)
  A draconian (D)
  An endoplasm (D)
2 creatures vanquished.

Grand Total: 286 creatures vanquished

Notes
Turn   | Place    | Note
-------+----------+-------------------------------------------
     0 | D        | HallandMoats the Gnoll Monk began the quest for the Orb.
     0 | D        | Reached XP level 1. HP: 23/23 MP: 1/1
     2 | D        | Banished a spatial maelstrom
     5 | D        | Found a shimmering blue altar of Sif Muna.
     5 | D        | Found a sacrificial altar of Ru.
     5 | D        | Found a bloodstained altar of Trog.
     5 | D        | Found a stormy altar of Qazlal.
     5 | D        | Found an iron altar of Okawaru.
     5 | D        | Found a sparkling altar of Nemelex Xobeh.
     5 | D        | Found a blossoming altar of Fedhas.
     5 | D        | Found the +6 Majin-Bo {vamp, MP+6 Int+6}
     5 | D        | Found the +9 heavy crossbow "Sniper" {vorpal, Acc+∞ SInv}
     5 | D        | Found the +10 dark maul {vorpal}
     5 | D        | Found the +15 Maxwell's patent armour {-Cast -Tele rElec
                  | Will+ rCorr}
     5 | D        | Found the +18 shield of the Gong {rElec rN+ Will+ EV-5}
     5 | D        | Found the +14 obsidian axe {vorpal, Mesm Drain Fly SInv}
     5 | D        | Found the +7 great mace "Firestarter" {inner flame, rF++}
     5 | D        | Found the +6 shillelagh "Devastator" {shatter}
     5 | D        | Found the +11 plutonium sword {Contam Stlth-}
     5 | D        | Found the +8 lance "Wyrmbane" {slay drac, rPois rF+ rC+
                  | AC+3}
     5 | D        | Found the +9 sword of Zonguldrok {reap}
     5 | D        | Found the +13 scythe of Curses {drain, Drain}
     5 | D        | Found the +5 sword of Power {vorpal}
     5 | D        | Found the +7 mace of Variability {chain chaos}
     5 | D        | Found the +7 Singing Sword {vorpal, sonic wave}
     5 | D        | Found the +8 storm bow {elec, penet}
     7 | D        | Found a transporter.
     7 | D        | Found an ancient bone altar of Kikubaaqudgha.
     7 | D        | Found a viscous altar of Jiyva.
     7 | D        | Found a corrupted altar of Lugonu.
     7 | D        | Found a hazy altar of Hepliaklqana.
     7 | D        | Found a burning altar of Makhleb.
     7 | D        | Found an opulent altar of Gozag.
     8 | D        | Banished a spatial maelstrom
    46 | D        | Reached skill level 1 in Conjurations
    46 | D        | Reached skill level 1 in Hexes
    46 | D        | Reached skill level 1 in Summonings
    46 | D        | Reached skill level 1 in Necromancy
    46 | D        | Reached skill level 1 in Translocations
    46 | D        | Reached skill level 1 in Transmutations
    46 | D        | Reached skill level 1 in Fire Magic
    46 | D        | Reached skill level 1 in Ice Magic
    46 | D        | Reached skill level 1 in Air Magic
    46 | D        | Reached skill level 1 in Earth Magic
    46 | D        | Reached skill level 1 in Poison Magic
    46 | D        | Reached XP level 2. HP: 31/31 MP: 1/5
    94 | D        | Became a worshipper of Qazlal Stormbringer
    94 | D        | Reached * piety under Qazlal
    94 | D        | Reached ** piety under Qazlal
   103 | D        | Entered arena 2.
   103 | D        | Noticed a wolf
   103 | D        | Found a transporter.
   105 | D        | Killed a wolf
   106 | D        | Reached skill level 5 in Stealth
   106 | D        | Reached XP level 3. HP: 36/36 MP: 5/7
   106 | D        | Reached XP level 4. HP: 43/43 MP: 5/8
   142 | D        | Entered arena 3.
   142 | D        | Noticed a tarantella
   142 | D        | Noticed a jumping spider
   142 | D        | Noticed a scorpion
   142 | D        | Found a transporter.
   145 | D        | Killed a tarantella
   146 | D        | Reached skill level 6 in Stealth
   146 | D        | Reached skill level 5 in Invocations
   146 | D        | Reached XP level 5. HP: 31/49 MP: 10/12
   146 | D        | Reached XP level 6. HP: 36/56 MP: 10/13
   146 | D        | Reached *** piety under Qazlal
   147 | D        | Reached skill level 5 in Short Blades
   147 | D        | Reached skill level 5 in Long Blades
   147 | D        | Reached skill level 5 in Maces & Flails
   147 | D        | Reached skill level 5 in Polearms
   147 | D        | Reached skill level 5 in Staves
   147 | D        | Reached skill level 5 in Slings
   147 | D        | Reached skill level 5 in Bows
   147 | D        | Reached skill level 5 in Crossbows
   147 | D        | Reached skill level 5 in Throwing
   147 | D        | Reached skill level 5 in Armour
   147 | D        | Reached skill level 5 in Shields
   147 | D        | Reached skill level 5 in Unarmed Combat
   147 | D        | Reached skill level 5 in Spellcasting
   147 | D        | Reached skill level 5 in Evocations
   153 | D        | Killed a jumping spider
   154 | D        | Reached XP level 7. HP: 28/63 MP: 11/15
   503 | D        | Entered arena 4.
   503 | D        | Noticed a merfolk
   503 | D        | Noticed a merfolk
   503 | D        | Noticed a merfolk
   503 | D        | Noticed a merfolk
   503 | D        | Found a transporter.
   508 | D        | Killed a merfolk
   509 | D        | Reached skill level 7 in Stealth
   509 | D        | Killed a merfolk
   510 | D        | Reached skill level 5 in Conjurations
   510 | D        | Reached skill level 5 in Hexes
   510 | D        | Reached skill level 5 in Summonings
   510 | D        | Reached skill level 5 in Necromancy
   510 | D        | Reached skill level 5 in Translocations
   510 | D        | Reached skill level 5 in Transmutations
   510 | D        | Reached skill level 5 in Fire Magic
   510 | D        | Reached skill level 5 in Ice Magic
   510 | D        | Reached skill level 5 in Air Magic
   510 | D        | Reached skill level 5 in Earth Magic
   510 | D        | Reached skill level 5 in Poison Magic
   510 | D        | Reached XP level 8. HP: 66/71 MP: 8/17
   510 | D        | Killed a merfolk
   516 | D        | Killed a merfolk
   517 | D        | Reached skill level 8 in Stealth
   573 | D        | Entered arena 5.
   573 | D        | Noticed a starcursed mass
   573 | D        | Found a transporter.
   575 | D        | Reached **** piety under Qazlal
   581 | D        | Killed a starcursed mass
   582 | D        | Reached XP level 9. HP: 53/78 MP: 5/19
   582 | D        | Killed a starcursed mass
   583 | D        | Reached skill level 10 in Fighting
   583 | D        | Reached skill level 10 in Axes
   583 | D        | Reached skill level 10 in Dodging
   669 | D        | Got the Catalogue of the Earthen Voyage
   680 | D        | Entered arena 6.
   680 | D        | Noticed a draconian
   680 | D        | Noticed a draconian
   680 | D        | Noticed a draconian
   680 | D        | Noticed a death cob
   680 | D        | Noticed a green draconian
   680 | D        | Found a transporter.
   685 | D        | Killed a death cob
   685 | D        | Noticed a smoke demon
   686 | D        | Reached skill level 9 in Stealth
   686 | D        | Reached XP level 10. HP: 70/86 MP: 16/22
   686 | D        | Killed a draconian
   688 | D        | Killed a draconian
   691 | D        | Killed a draconian
   696 | D        | Killed a green draconian
   696 | D        | Reached ***** piety under Qazlal
   697 | D        | Reached skill level 10 in Stealth
   740 | D        | Entered arena 7.
   741 | D        | Found a transporter.
   744 | D        | Reached skill level 10 in Invocations
  1050 | D        | Entered arena 8.
  1051 | D        | Found a transporter.
  1059 | D        | Reached ****** piety under Qazlal
  1070 | D        | Got the ring of the Scavenger {*Slow rElec rPois Dex+4}
  1072 | D        | Entered arena 9.
  1072 | D        | Noticed a +0 scimitar of flaming
  1072 | D        | Noticed a deep elf knight
  1072 | D        | Noticed a +1 scimitar of holy wrath
  1072 | D        | Noticed a +1 battleaxe of electrocution
  1072 | D        | Noticed a deep elf zephyrmancer
  1072 | D        | Paralysed by an air elemental for 1 turns
  1073 | D        | Killed a deep elf zephyrmancer
  1073 | D        | Killed a +1 scimitar of holy wrath
  1073 | D        | Killed a +1 battleaxe of electrocution
  1074 | D        | Reached skill level 10 in Short Blades
  1074 | D        | Reached skill level 10 in Long Blades
  1074 | D        | Reached skill level 10 in Maces & Flails
  1074 | D        | Reached skill level 10 in Polearms
  1074 | D        | Reached skill level 10 in Staves
  1074 | D        | Reached skill level 10 in Slings
  1074 | D        | Reached skill level 10 in Bows
  1074 | D        | Reached skill level 10 in Crossbows
  1074 | D        | Reached skill level 10 in Throwing
  1074 | D        | Reached skill level 10 in Armour
  1074 | D        | Reached skill level 10 in Shields
  1074 | D        | Reached skill level 10 in Unarmed Combat
  1074 | D        | Reached skill level 10 in Spellcasting
  1074 | D        | Reached skill level 10 in Evocations
  1074 | D        | Reached XP level 11. HP: 90/95 MP: 15/25
  1074 | D        | Found a transporter.
  1078 | D        | Killed a +0 scimitar of flaming
  1079 | D        | Reached skill level 11 in Stealth
  1079 | D        | Killed a deep elf knight
  1348 | D        | Entered arena 10.
  1349 | D        | Found a transporter.
  1366 | D        | Entered arena 11.
  1367 | D        | Found a transporter.
  1391 | D        | Got Micvifrean's Grimoire of the Volcanoes and Sinister
                  | Secrets
  1396 | D        | Entered arena 12.
  1396 | D        | Noticed a necromancer
  1396 | D        | Noticed a skeletal warrior
  1396 | D        | Noticed a vampire mage
  1397 | D        | Noticed a flayed ghost
  1397 | D        | Noticed a necromancer
  1398 | D        | Noticed a necromancer
  1399 | D        | Found a transporter.
  1400 | D        | Killed a necromancer
  1400 | D        | Killed a necromancer
  1401 | D        | Killed a skeletal warrior
  1402 | D        | Killed a vampire mage
  1407 | D        | Killed a necromancer
  1422 | D        | Got the ring "Delad" {Fire rN++ Str+4}
  1488 | D        | Entered arena 13.
  1490 | D        | Found a transporter.
  1494 | D        | Reached XP level 12. HP: 103/103 MP: 27/27
  1504 | D        | Reached skill level 12 in Stealth
  1504 | D        | Reached skill level 10 in Poison Magic
  1512 | D        | Got the amulet of Serendipity {Acrobat rC+ rCorr}
  1535 | D        | Entered arena 14.
  1535 | D        | Noticed a vampire knight
  1536 | D        | Noticed a vampire knight
  1537 | D        | Identified the +2 falchion "Biolofuk" {protect, rPois}
  1537 | D        | Noticed a vampire mage
  1537 | D        | Noticed a vampire knight
  1538 | D        | Found a transporter.
  1542 | D        | Killed a vampire knight
  1548 | D        | Killed a vampire knight
  1549 | D        | Killed a vampire knight
  1550 | D        | Reached skill level 13 in Stealth
  1550 | D        | Reached skill level 10 in Conjurations
  1550 | D        | Reached skill level 10 in Hexes
  1550 | D        | Reached skill level 10 in Summonings
  1550 | D        | Reached skill level 10 in Necromancy
  1550 | D        | Reached skill level 10 in Translocations
  1550 | D        | Reached skill level 10 in Transmutations
  1550 | D        | Reached skill level 10 in Fire Magic
  1550 | D        | Reached skill level 10 in Ice Magic
  1550 | D        | Reached skill level 10 in Air Magic
  1550 | D        | Reached skill level 10 in Earth Magic
  1554 | D        | Killed a vampire mage
  1565 | D        | Entered arena 15.
  1565 | D        | Noticed a sun demon
  1566 | D        | Found the +10 zealot's sword {holy, *Rage rN+ EV+3}
  1568 | D        | Found a transporter.
  1572 | D        | Killed a sun demon
  1595 | D        | Entered arena 16.
  1595 | D        | Noticed a salamander tyrant
  1595 | D        | Noticed a balrug
  1595 | D        | Noticed a fire giant
  1595 | D        | Noticed a searing wretch
  1596 | D        | Noticed a hellephant
  1596 | D        | Noticed a fire giant
  1596 | D        | Noticed a balrug
  1596 | D        | Noticed a balrug
  1596 | D        | Noticed a hell hog
  1596 | D        | Noticed a hell hog
  1597 | D        | Killed a hell hog
  1597 | D        | Killed a hell hog
  1597 | D        | Killed a balrug
  1597 | D        | Noticed a hell hog
  1597 | D        | Noticed a balrug
  1597 | D        | Noticed a hell hog
  1598 | D        | Killed a salamander tyrant
  1598 | D        | Noticed a balrug
  1598 | D        | Killed a fire giant
  1599 | D        | Reached skill level 14 in Stealth
  1599 | D        | Killed a fire giant
  1599 | D        | Killed a balrug
  1599 | D        | Killed a balrug
  1599 | D        | Killed a balrug
  1600 | D        | Reached XP level 13. HP: 56/114 MP: 4/29
  1602 | D        | Reached skill level 15 in Stealth
  1605 | D        | Killed a balrug
  1606 | D        | Found a transporter.
  1607 | D        | Killed a searing wretch
  1613 | D        | Killed a hellephant
  1884 | D        | Entered arena 17.
  1887 | D        | Noticed a spark wasp
  1897 | D        | Reached skill level 16 in Stealth
  1898 | D        | Reached skill level 15 in Fighting
  1898 | D        | Reached skill level 15 in Axes
  1898 | D        | Reached skill level 15 in Dodging
  1901 | D        | Killed a spark wasp
  1907 | D        | Reached skill level 15 in Invocations
  1908 | D        | Found a transporter.
  1948 | D        | Got the Papyrus of Freezing Venom
  1967 | D        | Entered arena 18.
  2060 | D        | Noticed a deep elf master archer
  2060 | D        | Noticed a merfolk javelineer
  2060 | D        | Noticed a yaktaur captain
  2061 | D        | Noticed a deep elf master archer
  2061 | D        | Noticed a yaktaur captain
  2061 | D        | Noticed a merfolk javelineer
  2061 | D        | Noticed a stone giant
  2062 | D        | Noticed a deep elf master archer
  2062 | D        | Noticed a stone giant
  2062 | D        | Found the +5 robe of Misfortune {Harm *Corrode *Slow EV+5}
  2063 | D        | Killed a deep elf master archer
  2063 | D        | Killed a deep elf master archer
  2064 | D        | Killed a merfolk javelineer
  2064 | D        | Killed a deep elf master archer
  2065 | D        | Reached skill level 17 in Stealth
  2065 | D        | Reached XP level 14. HP: 93/123 MP: 14/32
  2067 | D        | Killed a stone giant
  2068 | D        | Reached skill level 15 in Shields
  2072 | D        | Killed a stone giant
  2076 | D        | Reached skill level 15 in Poison Magic
  2084 | D        | Found a transporter.
  2174 | D        | Learned a level 9 spell: Polar Vortex
  2180 | D        | Learned a level 5 spell: Freezing Cloud
  2181 | D        | Entered arena 19.
  2183 | D        | Noticed a quicksilver elemental
  2183 | D        | Noticed an ancient champion
  2183 | D        | Noticed an ancient champion
  2183 | D        | Noticed an ancient champion
  2183 | D        | Noticed an ancient champion
  2183 | D        | Noticed a war gargoyle
  2183 | D        | Noticed a war gargoyle
  2184 | D        | Noticed an ancient champion
  2184 | D        | Noticed an ancient lich
  2184 | D        | Noticed a war gargoyle
  2184 | D        | Noticed a war gargoyle
  2184 | D        | Noticed a war gargoyle
  2184 | D        | Noticed a caustic shrike
  2184 | D        | Noticed a war gargoyle
  2184 | D        | Noticed an ancient champion
  2185 | D        | Killed a war gargoyle
  2185 | D        | Noticed an iron dragon
  2186 | D        | Killed a war gargoyle
  2186 | D        | Killed a war gargoyle
  2186 | D        | Killed an ancient champion
  2186 | D        | Killed an ancient champion
  2187 | D        | Reached skill level 15 in Short Blades
  2187 | D        | Reached skill level 15 in Long Blades
  2187 | D        | Reached skill level 15 in Maces & Flails
  2187 | D        | Reached skill level 15 in Polearms
  2187 | D        | Reached skill level 15 in Staves
  2187 | D        | Reached skill level 15 in Slings
  2187 | D        | Reached skill level 15 in Bows
  2187 | D        | Reached skill level 15 in Crossbows
  2187 | D        | Reached skill level 15 in Throwing
  2187 | D        | Reached skill level 15 in Armour
  2187 | D        | Reached skill level 18 in Stealth
  2187 | D        | Reached skill level 15 in Unarmed Combat
  2187 | D        | Reached skill level 15 in Spellcasting
  2187 | D        | Reached skill level 15 in Evocations
  2187 | D        | Killed an ancient champion
  2187 | D        | Killed a war gargoyle
  2187 | D        | Killed an ancient champion
  2187 | D        | Killed a war gargoyle
  2187 | D        | Killed a war gargoyle
  2190 | D        | Reached skill level 19 in Stealth
  2191 | D        | Killed a caustic shrike
  2194 | D        | Killed an ancient champion
  2195 | D        | Killed an ancient lich
  2196 | D        | Reached XP level 15. HP: 81/134 MP: 11/34
  2196 | D        | Killed a quicksilver elemental
  2202 | D        | Killed an ancient champion
  2203 | D        | Found a transporter.
  2205 | D        | Killed an iron dragon
  2493 | D        | Got the Guide on the Entrancing Glacier
  2501 | D        | Got the Reference Book on Torrid Earth
  2509 | D        | Entered arena 20.
  2514 | D        | Noticed a lich
  2514 | D        | Noticed a lich
  2515 | D        | Noticed a lich
  2515 | D        | Identified the +8 quarterstaff "Reyzosic" {vorpal, Will-
                  | Int+5}
  2515 | D        | Found the +7 pair of quick blades "Gyre" and "Gimble"
                  | {protect}
  2516 | D        | Killed a lich
  2517 | D        | Reached skill level 20 in Stealth
  2518 | D        | Killed a lich
  2521 | D        | Killed a lich
  2523 | D        | Reached skill level 21 in Stealth
  2523 | D        | Found a transporter.
  2536 | D        | Got the Grimoire of Displaced Toxins
  2640 | D        | Entered arena 21.
  2653 | D        | Reached skill level 22 in Stealth
  2659 | D        | Found a transporter.
  2666 | D        | Got the Guide on Summoning
  2670 | D        | Got the ring of Ashenzari's Delight {rPois Str+5 Int+6}
  2842 | D        | Entered arena 22.
  2850 | D        | Reached skill level 15 in Conjurations
  2850 | D        | Reached skill level 15 in Hexes
  2850 | D        | Reached skill level 15 in Summonings
  2850 | D        | Reached skill level 15 in Necromancy
  2850 | D        | Reached skill level 15 in Translocations
  2850 | D        | Reached skill level 15 in Transmutations
  2850 | D        | Reached skill level 15 in Fire Magic
  2850 | D        | Reached skill level 15 in Ice Magic
  2850 | D        | Reached skill level 15 in Air Magic
  2850 | D        | Reached skill level 15 in Earth Magic
  2852 | D        | Reached XP level 16. HP: 79/145 MP: 28/37
  2859 | D        | Found a transporter.
  2922 | D        | Got the +0 pair of boots "Amoi" {-Tele rElec Str+9}
  3150 | D        | Got Selahasi's Almanac of Confrontation
  3174 | D        | Entered arena 23.
  3179 | D        | Noticed Ilsuiw
  3179 | D        | Found the +7 sceptre of Asmodeus
  3179 | D        | Noticed Asmodeus
  3179 | D        | Noticed Erica
  3179 | D        | Noticed Frederick
  3179 | D        | Noticed Sojobo
  3179 | D        | Noticed Sigmund
  3179 | D        | Noticed Terence
  3179 | D        | Noticed Ignacio
  3180 | D        | Killed Terence
  3180 | D        | Killed Sigmund
  3180 | D        | Killed Blork the orc
  3180 | D        | Noticed Mennas
  3180 | D        | Noticed Xtahua
  3180 | D        | Noticed Aizul
  3180 | D        | Noticed Erolcha
  3181 | D        | Killed Erica
  3181 | D        | Killed Frederick
  3181 | D        | Killed Erolcha
  3181 | D        | Killed Grinder
  3181 | D        | Killed Grum
  3182 | D        | Reached skill level 23 in Stealth
  3182 | D        | Killed Sojobo
  3182 | D        | Killed Aizul
  3182 | D        | Killed Ilsuiw
  3182 | D        | Killed Ignacio
  3182 | D        | Noticed Boris
  3183 | D        | Killed Xtahua
  3183 | D        | Killed Mennas
  3183 | D        | Killed Boris
  3183 | D        | Killed Edmund
  3184 | D        | Reached skill level 24 in Stealth
  3184 | D        | Noticed Margery
  3184 | D        | Noticed Gastronok
  3185 | D        | Noticed Jory
  3185 | D        | Noticed Khufu
  3186 | D        | Noticed Dowan
  3186 | D        | Noticed the Royal Jelly
  3187 | D        | Identified the +7 battleaxe of a bazaar {drain, rPois rN+
                  | Str+2}
  3187 | D        | Noticed Maurice
  3187 | D        | Noticed Josephine
  3189 | D        | Killed Josephine
  3189 | D        | Killed Dowan
  3189 | D        | Noticed an acid blob
  3189 | D        | Noticed a rockslime
  3189 | D        | Noticed an azure jelly
  3190 | D        | Noticed an azure jelly
  3191 | D        | Noticed an acid blob
  3192 | D        | Noticed an azure jelly
  3193 | D        | Killed Gastronok
  3193 | D        | Killed a rockslime
  3194 | D        | Killed an acid blob
  3194 | D        | Killed Margery
  3194 | D        | Killed an acid blob
  3194 | D        | Killed Maurice
  3194 | D        | Killed Khufu
  3194 | D        | Noticed a rockslime
  3195 | D        | Reached XP level 17. HP: 63/156 MP: 22/40
  3195 | D        | Killed Jory
  3196 | D        | Reached skill level 25 in Stealth
  3196 | D        | Noticed an acid blob
  3199 | D        | Killed an acid blob
  3199 | D        | Noticed an acid blob
  3210 | D        | Noticed a Brimstone Fiend
  3211 | D        | Killed the Royal Jelly
  3215 | D        | Killed Asmodeus
  3216 | D        | Killed an acid blob
  3223 | D        | Found the +4 robe of Folly {Brilliance Will-∞ Int+8}
  3238 | D        | Found a transporter.
  3244 | D        | Got the Incunabulum of the Icy Oath
  3348 | D        | Got the Handbook of Terror
  3353 | D        | Got the Volume of Unstable Darkness
  3363 | D        | Got the ring of Qetenwau {Fly Str+6 Dex+3}
  3476 | D        | Entered arena 24.
  3485 | D        | Noticed a juggernaut
  3485 | D        | Noticed a shard shrike
  3485 | D        | Noticed a shard shrike
  3485 | D        | a glowing shapeshifter changed into a shard shrike
  3485 | D        | Noticed a shard shrike
  3485 | D        | a juggernaut changed into a shard shrike
  3486 | D        | Noticed a golden dragon
  3486 | D        | Noticed a shard shrike
  3486 | D        | Noticed a shard shrike
  3486 | D        | a golden dragon changed into an iron dragon
  3486 | D        | Noticed a juggernaut
  3486 | D        | a glowing shapeshifter changed into a juggernaut
  3486 | D        | Noticed an iron giant
  3486 | D        | a rockslime changed into an iron giant
  3487 | D        | Noticed a titan
  3487 | D        | a shard shrike changed into a titan
  3487 | D        | a shard shrike changed into a rockslime
  3487 | D        | Noticed a juggernaut
  3487 | D        | a rockslime changed into a juggernaut
  3487 | D        | Noticed a golden dragon
  3487 | D        | a rockslime changed into a golden dragon
  3487 | D        | Noticed a juggernaut
  3488 | D        | Identified the +4 morningstar of the Empty Page {vorpal,
                  | rCorr}
  3488 | D        | Noticed a caustic shrike
  3488 | D        | a juggernaut changed into a caustic shrike
  3488 | D        | an iron giant changed into an eleionoma
  3488 | D        | Noticed a caustic shrike
  3488 | D        | a golden dragon changed into a caustic shrike
  3488 | D        | Noticed a titan
  3488 | D        | a shard shrike changed into a titan
  3489 | D        | Noticed a caustic shrike
  3489 | D        | an iron dragon changed into a caustic shrike
  3489 | D        | a titan changed into a rockslime
  3489 | D        | a caustic shrike changed into a shadow dragon
  3491 | D        | Noticed a juggernaut
  3491 | D        | a titan changed into a juggernaut
  3492 | D        | a shard shrike changed into a rockslime
  3492 | D        | Noticed an acid blob
  3492 | D        | a caustic shrike changed into an acid blob
  3492 | D        | Paralysed by a floating eye for 3 turns
  3493 | D        | Noticed a shard shrike
  3493 | D        | a rockslime changed into a shard shrike
  3493 | D        | Noticed a titan
  3493 | D        | a shard shrike changed into a titan
  3494 | D        | Noticed a juggernaut
  3494 | D        | a titan changed into a juggernaut
  3494 | D        | a juggernaut changed into an iron dragon
  3494 | D        | HP: 1/125 [caustic shrike (glowing shapeshifter) (16)]
  3494 | D        | Splashed by a caustic shrike (glowing shapeshifter)'s acid

Illustrated notes

Levels and vault maps discovered:
D:        sprint_v [room_start, room_1, room_2, room_3, room_4, room_5, room_6,
          room_7, room_8, room_9, room_10, room_11, room_12, room_13, room_14,
          room_15, room_16, room_17, room_18, room_19, room_20, room_21,
          room_22, room_23, room_24, room_25, room_26, room_27]

Skill      XL: |  1  2  3  4  5  6  7  8  9 10 11 12 13 14 15 16 17 |
---------------+----------------------------------------------------+-----
Fighting       | 7 8 9 10 11 12 14 15 17 18 20 21 | 21.0
Short Blades   | 2 3 4 5 6 7 8 10 11 12 14 15 17 19 20 | 20.1
Long Blades    | 2 3 4 5 6 7 8 10 11 12 14 15 17 19 20 | 20.1
Axes           | 7 8 9 10 11 12 14 15 17 18 20 21 | 21.0
Maces & Flails | 2 3 4 5 6 7 8 10 11 12 14 15 18 21 22 | 22.3
Polearms       | 2 3 4 5 6 7 8 10 11 12 14 15 18 21 22 | 22.3
Staves         | 2 3 4 5 6 7 8 10 11 12 14 15 17 19 20 | 20.1
Slings         | 2 3 4 5 6 7 8 10 11 12 14 15 17 19 20 | 20.1
Bows           | 2 3 4 5 6 7 8 10 11 12 14 15 17 19 20 | 20.1
Crossbows      | 2 3 4 5 6 7 8 10 11 12 14 15 17 19 20 | 20.1
Throwing       | 2 3 4 5 6 7 8 10 11 12 14 15 17 19 20 | 20.1
Armour         | 2 3 4 5 6 7 8 10 11 12 14 15 17 19 20 | 20.1
Dodging        | 7 8 9 10 11 12 14 15 17 18 20 21 | 21.0
Shields        | 2 3 4 5 6 7 8 10 11 12 14 17 20 23 24 | 24.5
Unarmed Combat | 2 3 4 5 6 7 8 10 11 12 14 15 17 19 20 | 20.1
Spellcasting   | 2 3 4 5 6 7 8 10 11 12 14 15 17 19 20 | 20.1
Conjurations   | 1 2 3 4 5 6 8 9 10 12 13 15 16 17 | 17.2
Hexes          | 1 2 3 4 5 6 8 9 10 12 13 15 16 17 | 17.2
Summonings     | 1 2 3 4 5 6 8 9 10 12 13 15 16 17 | 17.2
Necromancy     | 1 2 3 4 5 6 8 9 10 12 13 15 16 17 | 17.2
Translocations | 1 2 3 4 5 6 8 9 10 12 13 15 16 17 | 17.2
Transmutations | 1 2 3 4 5 6 8 9 10 12 13 15 16 17 | 17.2
Fire Magic     | 1 2 3 4 5 6 8 9 10 12 13 15 16 17 | 17.2
Ice Magic      | 1 2 3 4 5 6 8 9 10 12 13 15 16 17 | 17.2
Air Magic      | 1 2 3 4 5 6 8 9 10 12 13 15 16 17 | 17.2
Earth Magic    | 1 2 3 4 5 6 8 9 10 12 13 15 16 17 | 17.2
Poison Magic   | 1 2 3 4 5 6 8 9 12 14 16 19 21 | 21.6
Invocations    | 2 3 5 6 8 9 10 12 14 15 17 19 21 | 21.7
Evocations     | 2 3 4 5 6 7 8 10 11 12 14 15 17 19 20 | 20.1
Stealth        | 5 6 7 8 9 10 11 14 17 19 22 24 25 | 25.8

Action                   |  1- 3 |  4- 6 |  7- 9 | 10-12 | 13-15 | 16-18 || total
-------------------------+-------+-------+-------+-------+-------+-------++-------
Melee: Broad axe         |     2 |     3 |    13 |    80 |    64 |    30 ||   192
       Bite              |       |     1 |     3 |    14 |    11 |     6 ||    35
       Staff             |       |       |       |       |       |     3 ||     3
Invok: Upheaval          |       |       |     4 |       |       |       ||     4
       Elemental Force   |       |       |     3 |       |     3 |     2 ||     8
       Disaster Area     |       |       |       |     6 |    13 |    13 ||    32
 Abil: Evoke the Sceptre |       |       |       |       |       |     2 ||     2
  Use: Potion            |     1 |     1 |       |     3 |     4 |     8 ||    17
 Stab: Distracted        |       |       |       |     2 |       |     3 ||     5
       Paralysed         |       |       |       |       |     2 |     2 ||     4
       Invisible         |       |       |       |       |       |     2 ||     2
Armor: Gold dragon scale |       |     4 |     4 |    50 |    51 |     8 ||   117
Dodge: Dodged            |       |       |       |     4 |    21 |    10 ||    35
       Repelled          |       |       |       |       |     1 |     2 ||     3
Block: Kite shield       |     5 |     8 |    29 |   159 |   187 |    41 ||   429

Table legend: (Time is in decaauts)
 A = Elapsed time spent in this place.
 B = Non-inter-level travel time spent in this place.
 C = Inter-level travel time spent in this place.
 D = Time resting spent in this place.
 E = Time spent auto-exploring this place.
 F = Levels seen in this place.
 G = Mean time per level.
                   A        B        C        D        E       F      G
               +--------+--------+--------+--------+--------+-----+--------+
         Total |   3473 |   3473 |      0 |   2605 |      0 |   1 | 3473.0 |
       Dungeon |   3473 |   3473 |      0 |   2605 |      0 |   1 | 3473.0 |
               +--------+--------+--------+--------+--------+-----+--------+

Top non-repeatable levels by time:
       D: 3473 daAuts
